Map: Ascensão para Aiur LE

Players

TheZergLord - Winner!

  • Race: Zerg Zerg
  • League: Grandmaster
  • Spawn Location: 5:00

ale

  • Race: Zerg Zerg
  • League: Master
  • Spawn Location: 11:00

VOD

Have the link to the VOD?

Description

Time

  • Played on: June 12, 2017, 12:38 p.m.
  • Length: 13:24
Show
View Real Time Build Order
Export as new Build Order

TheZergLord Zerg - Winner!

Build Orders: Pool First 

Get SALT Encoding   

  12  0:01  Drone  
  13  0:14  Extractor  
  12  0:24  Spawning Pool  
  11  0:29  Drone  
  11  0:33  Drone  
  13  0:38  Drone  
  14  0:50  Overlord  
  14  1:12  Zergling x2  
  14  1:13  Zergling x4  
  14  1:14  Metabolic Boost  
  17  1:24  Zergling x2  
  18  1:36  Baneling Nest  
  18  1:37  Zergling x2  
  18  1:46  Zergling x2  
  19  1:50  Queen  
  19  2:07  Zergling x2  
  19  2:08  Zergling x2  
  21  2:17  Overlord  
  21  2:36  Hatchery  
  20  2:39  Baneling x2  
  20  2:48  Drone x2  
  22  2:56  Drone  
  18  3:13  Zergling x4  
  18  3:14  Zergling x2  
  18  3:18  Roach Warren  
  20  3:21  Zergling x2  
  21  3:32  Zergling x6  
  24  3:36  Zergling x2  
  26  3:43  Zergling x2  
  26  3:46  Queen  
  26  3:48  Zergling x2  
  30  3:52  Baneling  
  30  3:56  Zergling x2  
  30  4:00  Zergling x2  
  32  4:13  Drone  
  32  4:14  Drone x3  
  34  4:27  Drone x2  
  34  4:30  Drone  
  35  4:35  Overlord  
  35  4:41  Baneling  
  26  5:01  Drone x3  
  26  5:02  Drone x6  
  35  5:11  Roach Warren, Zergling x2  
  35  5:12  Zergling x2  
  35  5:13  Zergling x2  
  37  5:25  Overlord  
  37  5:29  Drone x3  
  40  5:38  Overlord  
  40  5:40  Extractor  
  39  5:43  Drone  
  39  5:45  Drone  
  41  5:57  Hatchery  
  41  5:58  Roach x3  
  46  6:11  Drone  
  46  6:12  Drone x7  
  46  6:16  Overlord  
  54  6:19  Overlord  
  54  6:32  Drone x2  
  54  6:34  Lair  
  54  6:35  Evolution Chamber, Extractor  
  54  6:38  Roach x2  
  55  6:42  Roach x2  
  59  6:50  Roach x3  
  65  6:54  Overlord  
  65  6:56  Roach  
  67  7:02  Zerg Missile Weapons Level 1  
  67  7:14  Queen  
  69  7:19  Overlord  
  69  7:20  Drone x3  
  69  7:21  Drone x3  
  69  7:22  Roach x2  
  79  7:25  Roach  
  79  7:29  Overlord  
  81  7:31  Roach  
  81  7:34  Glial Reconstitution  
  81  7:36  Overseer  
  83  7:41  Roach x2  
  87  7:47  Roach x2  
  87  7:48  Roach  
  93  7:53  Roach x2  
  93  7:58  Drone x3  
  100  8:00  Roach  
  102  8:08  Roach  
  104  8:22  Overlord x2  
  104  8:24  Extractor  
  104  8:25  Extractor  
  102  8:30  Overlord x2  
  102  8:32  Roach  
  105  8:42  Roach  
  105  8:43  Roach x7  
  105  8:47  Overlord x2  
  121  8:55  Drone x2  
  121  8:56  Drone x7  
  121  8:58  Zerg Missile Weapons Level 2  
  121  8:59  Extractor  
  121  9:01  Roach  
  131  9:04  Roach  
  133  9:16  Roach x4  
  133  9:17  Roach  
  135  9:25  Roach x3  
  135  9:26  Roach  
  143  9:38  Roach x5, Extractor  
  150  9:40  Overlord  
  150  9:41  Overlord  
  152  9:54  Drone  
  153  10:01  Roach x4, Spire  
  153  10:02  Roach x3  
  164  10:08  Drone x2  
  164  10:09  Roach  
  168  10:23  Overlord x2  
  168  10:31  Overlord x2  
  168  10:47  Roach  
  170  11:06  Overlord  
  168  11:16  Mutalisk  
  168  11:17  Mutalisk x11  
  184  11:34  Roach  
  184  11:35  Roach x6  
  147  11:57  Roach  
  147  11:58  Roach x14  
  117  12:09  Roach x3  
  117  12:15  Hatchery  
  108  12:31  Roach x4  
  108  12:32  Roach x5  
  124  12:46  Overlord  
  124  12:47  Overlord  
  124  12:55  Mutalisk x2  
  124  12:56  Mutalisk x3  
Show
View Real Time Build Order
Export as new Build Order

ale Zerg 

Build Orders: Pool First 

Get SALT Encoding   

  12  0:01  Drone  
  13  0:08  Extractor  
  12  0:25  Spawning Pool  
  11  0:30  Drone  
  12  0:35  Drone  
  13  0:43  Drone  
  14  0:55  Overlord  
  14  1:14  Zergling x2  
  14  1:15  Zergling x4  
  14  1:18  Metabolic Boost  
  17  1:27  Zergling x2  
  18  1:34  Queen  
  18  1:38  Zergling x2  
  21  1:49  Zergling x2  
  22  2:01  Zergling x2  
  21  2:06  Roach Warren  
  20  2:09  Drone  
  21  2:21  Overlord  
  21  2:42  Zergling x2  
  21  2:46  Roach  
  21  2:50  Roach  
  27  2:51  Roach x2  
  29  3:02  Overlord  
  22  3:14  Drone  
  22  3:18  Queen  
  22  3:19  Drone  
  26  3:21  Drone  
  27  3:31  Drone  
  29  3:34  Drone  
  29  3:41  Drone  
  30  3:44  Drone  
  31  4:12  Roach  
  31  4:14  Hatchery  
  32  4:18  Roach  
  32  4:24  Roach  
  32  4:30  Roach  
  29  4:39  Roach  
  29  4:42  Roach  
  32  4:48  Roach  
  34  4:55  Roach  
  35  5:00  Drone  
  35  5:06  Roach  
  38  5:11  Overlord  
  38  5:25  Queen  
  38  5:27  Drone  
  41  5:30  Drone  
  41  5:35  Drone  
  43  5:37  Drone  
  43  5:42  Drone  
  45  5:46  Drone  
  47  5:50  Drone  
  47  5:55  Drone x2  
  49  6:01  Drone  
  50  6:05  Overlord  
  50  6:11  Lair  
  50  6:15  Extractor  
  50  6:17  Drone  
  50  6:20  Evolution Chamber  
  50  6:23  Drone x2  
  51  6:27  Drone  
  51  6:29  Drone  
  51  6:31  Drone  
  54  6:36  Drone x2  
  54  6:39  Drone  
  56  6:41  Drone  
  56  6:43  Drone  
  58  6:47  Drone  
  58  6:51  Zerg Missile Weapons Level 1  
  58  6:53  Drone  
  60  6:58  Overlord  
  60  7:07  Overlord  
  59  7:18  Roach x4  
  59  7:20  Drone  
  68  7:22  Overlord  
  68  7:33  Roach x2  
  72  7:37  Drone x2  
  72  7:39  Roach  
  72  7:41  Hatchery  
  72  7:42  Glial Reconstitution  
  75  7:47  Roach  
  75  7:49  Roach  
  75  7:51  Unknown  
  79  7:53  Drone  
  79  7:55  Extractor  
  79  7:57  Roach x2  
  83  8:03  Overlord  
  83  8:04  Overlord  
  83  8:12  Overlord  
  83  8:16  Drone  
  84  8:21  Overseer  
  84  8:22  Roach  
  84  8:23  Roach x4  
  84  8:26  Drone x2  
  96  8:35  Roach  
  96  8:39  Overlord  
  98  8:45  Zerg Missile Weapons Level 2  
  98  8:46  Roach  
  98  8:47  Roach x3  
  106  8:49  Roach  
  106  8:54  Overlord  
  108  8:58  Overseer  
  108  9:01  Ravager  
  108  9:02  Roach  
  111  9:04  Roach  
  111  9:07  Drone x2  
  115  9:10  Overlord  
  115  9:11  Roach  
  115  9:12  Roach  
  119  9:19  Roach  
  119  9:22  Roach  
  119  9:24  Roach  
  125  9:25  Roach  
  125  9:26  Roach  
  125  9:28  Unknown  
  125  9:29  Roach  
  131  9:32  Roach  
  131  9:35  Roach  
  135  9:45  Spine Crawler  
  134  9:46  Roach  
  134  9:47  Roach  
  134  9:51  Overlord  
  138  9:57  Overlord  
  138  10:01  Overlord  
  138  10:09  Queen  
  138  10:10  Roach x2, Extractor  
  138  10:11  Roach  
  138  10:13  Ravager  
  146  10:15  Ravager  
  146  10:17  Ravager  
  146  10:20  Drone x2  
  146  10:21  Drone x2  
  152  10:23  Roach x2  
  152  10:27  Roach  
  158  10:29  Overlord  
  158  10:34  Roach  
  158  10:35  Overlord  
  160  10:37  Roach  
  160  10:42  Overlord  
  162  10:47  Roach  
  162  10:48  Roach  
  164  10:50  Roach  
  164  10:51  Roach  
  164  10:52  Roach  
  164  10:54  Roach  
  174  10:57  Roach  
  174  10:58  Roach  
  174  11:02  Roach  
  178  11:04  Roach  
  178  11:07  Roach  
  178  11:10  Roach  
  184  11:14  Roach  
  184  11:16  Roach  
  186  11:21  Overlord  
  186  11:22  Overlord  
  186  11:24  Overlord  
  186  11:25  Overlord  
  178  11:33  Roach x2  
  178  11:34  Roach  
  178  11:41  Roach  
  178  11:42  Roach  
  178  11:43  Roach  
  178  11:45  Roach  
  178  11:46  Roach  
  188  11:51  Roach  
  188  11:52  Roach x2  
  188  11:53  Zergling x6  
  165  11:56  Roach  
  165  11:59  Roach  
  165  12:00  Roach  
  151  12:02  Zergling x2  
  151  12:05  Zergling x2  
  140  12:08  Zergling x6  
  140  12:14  Spore Crawler  
  140  12:15  Zergling x2  
  126  12:17  Roach  
  126  12:18  Roach  
  126  12:20  Roach  
  126  12:21  Roach  
  120  12:27  Roach  
  120  12:29  Zergling x2  
  109  12:31  Zergling x2  
  94  12:38  Drone  
  94  12:39  Hydralisk Den  
  94  12:45  Drone x4  
  94  12:46  Spore Crawler  
  94  12:49  Drone x2, Spore Crawler x2  
  97  12:55  Roach  
  99  12:59  Roach  
  99  13:00  Roach x2  
  99  13:04  Roach  
Tags
 
Add a new tag
Caveats
  • Supply blocks, unpowered buildings, or Contaminate may cause inaccurate times.
  • Supply counts are checked every 10 seconds.